[Event "FIDE World Junior U20-ch Girls 2025"]
[Site "Petrovac"]
[Date "2025.03.01"]
[Round "5.14"]
[White "Karmanova, Olga Dm."]
[Black "Wang, Qinxuanyi"]
[Result "1-0"]
[Annotator "NA"]
[ECO "B30"]
[WhiteElo "2292"]
[BlackElo "2165"]
[PlyCount "103"]
[EventDate "2025.02.23"]
[EventType "swiss"]
[EventCountry "MNE"]
[SourceTitle "playchess.com"]
[Source "ChessBase"]
[SourceQuality "1"]
[TimeControl "40/5400+30:1800+30"]

1. e4 c5 2. Nf3 Nc6 3. Bb5 e6 4. O-O Nge7 5. Re1 a6 6. Bf1 d5 7. d3 d4 8. e5 Ng6 9. c3 Be7 10. g3 b5 11. h4 Bb7 12. h5 Nf8 13. Bg2 Qd7 14. a4 b4 15. Nbd2 dxc3 16. Nc4 Rd8 17. bxc3 Qxd3 18. Nd6+ Rxd6 19. exd6 Qxd1 20. Rxd1 Bf6 21. Be3 Bxc3 22. Rac1 Nd7 23. Ng5 Na5 24. Bxb7 Nxb7 25. Ne4 O-O 26. Nxc3 bxc3 27. Rxc3 Rc8 28. Rb1 Nd8 29. h6 gxh6 30. Bxh6 f6 31. Rb4 Kf7 32. Rg4 e5 33. f4 Ke6 34. Rg8 c4 35. fxe5 Nxe5 36. Bf4 Kxd6 37. Kf2 Ke7 38. Bxe5 fxe5 39. Rg4 Ne6 40. Rgxc4 Rd8 41. Rh4 Ng5 42. Rc7+ Ke6 43. Rc6+ Kd5 44. Rxa6 Rc8 45. Ra5+ Ke6 46. g4 Rc2+ 47. Ke3 Rc3+ 48. Ke2 Rc4 49. Rh6+ Kd7 50. Ra7+ Ke8 51. Rb6 Rc8 52. Rg7 1-0

[Event "FIDE World Junior U20-ch Girls 2025"]
[Site "Petrovac"]
[Date "2025.03.01"]
[Round "5.15"]
[White "Mungunzul, Bat-Erdene"]
[Black "Mihelic, Vesna"]
[Result "1-0"]
[Annotator "NA"]
[ECO "D58"]
[WhiteElo "2268"]
[BlackElo "2115"]
[PlyCount "119"]
[EventDate "2025.02.23"]
[EventType "swiss"]
[EventCountry "MNE"]
[SourceTitle "playchess.com"]
[Source "ChessBase"]
[SourceQuality "1"]
[TimeControl "40/5400+30:1800+30"]

1. d4 d5 2. c4 e6 3. Nc3 Nf6 4. Bg5 Be7 5. Nf3 h6 6. Bh4 O-O 7. e3 b6 8. Bd3 Bb7 9. O-O Nbd7 10. Qe2 c5 11. Bg3 Nh5 12. cxd5 Nxg3 13. hxg3 exd5 14. Rad1 Bf6 15. Bb1 g6 16. Rd2 Re8 17. Rfd1 c4 18. b3 cxb3 19. axb3 Be7 20. Bd3 Bb4 21. Rc2 Rc8 22. Na2 Bd6 23. Rdc1 Nf6 24. Nc3 Qe7 25. Ba6 Kg7 26. Nd1 Rxc2 27. Rxc2 Ne4 28. Nb2 g5 29. Nd1 Rd8 30. Qd3 Qd7 31. Ne5 Bxe5 32. Bxb7 Qxb7 33. dxe5 Nc5 34. Qf5 Qe7 35. b4 Na6 36. Rb2 d4 37. exd4 Rxd4 38. Ne3 Qe6 39. Qc2 Rxb4 40. Ra2 Nc5 41. Nf5+ Kh8 42. Rxa7 Rc4 43. Qb1 Qg6 44. Rc7 Ra4 45. f3 g4 46. f4 Ne6 47. Rc8+ Kh7 48. Rc6 b5 49. Kh2 Rc4 50. Rb6 b4 51. Qf1 Qh5+ 52. Kg1 Re4 53. Nd6 Rd4 54. Rb7 Rxd6 55. exd6 Qc5+ 56. Qf2 Nd4 57. Rxf7+ Kg8 58. Rc7 Ne2+ 59. Kf1 Qxd6 60. Rc8+ 1-0

[Event "FIDE World Junior U20-ch Girls 2025"]
[Site "Petrovac"]
[Date "2025.03.01"]
[Round "5.16"]
[White "Shokirjonova, Barchinoy"]
[Black "Kaldarova, Ayaulym"]
[Result "1/2-1/2"]
[Annotator "NA"]
[ECO "E12"]
[WhiteElo "2061"]
[BlackElo "2248"]
[PlyCount "124"]
[EventDate "2025.02.23"]
[EventType "swiss"]
[EventCountry "MNE"]
[SourceTitle "playchess.com"]
[Source "ChessBase"]
[SourceQuality "1"]
[TimeControl "40/5400+30:1800+30"]

1. d4 e6 2. c4 Nf6 3. Nf3 b6 4. a3 Bb7 5. Nc3 d5 6. Bg5 Be7 7. e3 O-O 8. Rc1 Nbd7 9. cxd5 exd5 10. Be2 c6 11. O-O Ne4 12. Bxe7 Qxe7 13. Nxe4 dxe4 14. Nd2 f5 15. Qb3+ Kh8 16. Nc4 Rab8 17. Rfd1 Rf6 18. Qb4 Qe6 19. Qd2 Rbf8 20. f4 exf3 21. Bxf3 Qe7 22. Re1 Re6 23. b4 Ba6 24. d5 cxd5 25. Bxd5 Rh6 26. e4 Bxc4 27. Rxc4 Ne5 28. Rc3 f4 29. Rf1 Rh4 30. Qc1 Qd8 31. Be6 Qd4+ 32. Kh1 Ng4 33. Bxg4 Rxg4 34. Rc8 Qf6 35. e5 Qf5 36. e6 h5 37. Qc7 Rxc8 38. Qxc8+ Kh7 39. Qc4 f3 40. Qa2 fxg2+ 41. Qxg2 Qxe6 42. Qf3 Rg5 43. Qd3+ Kh6 44. Qf3 Qd5 45. Qxd5 Rxd5 46. Rf7 a5 47. Rb7 Rd6 48. bxa5 bxa5 49. Rb5 Rd1+ 50. Kg2 Rd2+ 51. Kg1 h4 52. Rxa5 h3 53. Rf5 Rg2+ 54. Kh1 Ra2 55. Kg1 Rg2+ 56. Kh1 Ra2 57. Kg1 Rxa3 58. Kf2 g5 59. Rf3 Ra2+ 60. Kg1 Rg2+ 61. Kh1 g4 62. Rxh3+ gxh3 1/2-1/2

[Event "FIDE World Junior U20-ch Girls 2025"]
[Site "Petrovac"]
[Date "2025.03.01"]
[Round "5.17"]
[White "Kaliakhmet, Elnaz"]
[Black "Gasparyan, Milena"]
[Result "1-0"]
[Annotator "ChessBase"]
[ECO "D16"]
[WhiteElo "2242"]
[BlackElo "1986"]
[PlyCount "125"]
[EventDate "2025.02.23"]
[EventType "swiss"]
[EventCountry "MNE"]
[SourceTitle "playchess.com"]
[Source "ChessBase"]
[SourceQuality "1"]
[TimeControl "40/5400+30:1800+30"]

1. d4 d5 2. c4 c6 3. Nf3 Nf6 4. Nc3 dxc4 5. a4 e6 6. e3 c5 7. Bxc4 cxd4 8. exd4 Nc6 9. O-O Be7 10. Qe2 O-O 11. Rd1 Nb4 12. Bg5 Re8 13. Ne5 Nfd5 14. Bxe7 Qxe7 15. Ne4 b6 16. a5 f6 17. Nf3 Bb7 18. a6 Bc6 19. Re1 Rac8 20. Qd2 Bd7 21. Rac1 Rc7 22. Nc3 Qd6 23. Ne4 Qf8 24. b3 Rec8 25. Rcd1 Bb5 26. Nc5 bxc5 27. Bxb5 Qd6 28. Bc4 Nxa6 29. Qa5 Nab4 30. dxc5 Qxc5 31. Qxc5 Rxc5 32. Rxe6 Kf8 33. Nd4 Nc3 34. Rde1 Ncd5 35. R6e4 Kf7 36. Re7+ Kg6 37. Rxa7 R5c7 38. Rxc7 Rxc7 39. g3 Nb6 40. Bb5 h5 41. Be8+ Kh6 42. h4 g6 43. Re6 N6d5 44. Rd6 Rc1+ 45. Kg2 Rd1 46. Nb5 Kg7 47. Bc6 Nxc6 48. Rxc6 g5 49. hxg5 fxg5 50. Nd6 Rd3 51. Nf5+ Kf7 52. Rd6 h4 53. Kg1 hxg3 54. Nxg3 Nf4 55. Rb6 Rd4 56. Nf5 Rd1+ 57. Kh2 Ne6 58. Kg3 Rd3+ 59. Kg4 Nc5 60. b4 Ne4 61. f3 Nf2+ 62. Kxg5 Rxf3 63. Rf6+ 1-0

[Event "FIDE World Junior U20-ch Girls 2025"]
[Site "Petrovac"]
[Date "2025.03.01"]
[Round "5.18"]
[White "Guo, Hanxi"]
[Black "Mikheeva, Galina"]
[Result "0-1"]
[Annotator "ChessBase"]
[ECO "C54"]
[WhiteElo "1854"]
[BlackElo "2238"]
[PlyCount "96"]
[EventDate "2025.02.23"]
[EventType "swiss"]
[EventCountry "MNE"]
[SourceTitle "playchess.com"]
[Source "ChessBase"]
[SourceQuality "1"]
[TimeControl "40/5400+30:1800+30"]

1. e4 e5 2. Nf3 Nc6 3. Bc4 Bc5 4. c3 Nf6 5. d3 a6 6. a4 d6 7. O-O Ba7 8. Re1 h6 9. h3 g5 10. Nh2 g4 11. hxg4 Rg8 12. g5 hxg5 13. g4 Qd7 14. Kg2 Nxg4 15. Nxg4 Qxg4+ 16. Qxg4 Bxg4 17. Rh1 Nd8 18. Nd2 Ne6 19. Bxe6 Bxe6 20. Nf3 f6 21. Rh6 Kf7 22. Bd2 Bd7 23. a5 Rh8 24. Rah1 Rxh6 25. Rxh6 Kg7 26. Rh1 c6 27. d4 Re8 28. dxe5 dxe5 29. Re1 Be6 30. Be3 Bxe3 31. Rxe3 Rd8 32. Re2 g4 33. Nh2 Kg6 34. f3 gxf3+ 35. Nxf3 Rd3 36. Rd2 Re3 37. Rd6 Kf7 38. Kf2 Rxe4 39. Rd8 c5 40. Nd2 Rf4+ 41. Ke3 Ke7 42. Rh8 Bd5 43. Rc8 c4 44. Rc5 Kd6 45. Rc8 Bc6 46. Rg8 Kc5 47. Rg1 Kb5 48. Ra1 f5 0-1

[Event "FIDE World Junior U20-ch Girls 2025"]
[Site "Petrovac"]
[Date "2025.03.01"]
[Round "5.19"]
[White "Wang, Chuqiao"]
[Black "Sulyok, Eszter"]
[Result "1-0"]
[Annotator "ChessBase"]
[ECO "D30"]
[WhiteElo "2227"]
[BlackElo "2109"]
[PlyCount "103"]
[EventDate "2025.02.23"]
[EventType "swiss"]
[EventCountry "MNE"]
[SourceTitle "playchess.com"]
[Source "ChessBase"]
[SourceQuality "1"]
[TimeControl "40/5400+30:1800+30"]

1. d4 d5 2. c4 e6 3. Nf3 c6 4. e3 Nf6 5. b3 Ne4 6. Qc2 Bb4+ 7. Nbd2 f5 8. Bd3 Nd7 9. a4 Qf6 10. Ba3 Be7 11. Bxe7 Qxe7 12. Rb1 g5 13. Ng1 g4 14. Ne2 Qh4 15. Bxe4 fxe4 16. g3 Qf6 17. h4 h5 18. cxd5 exd5 19. b4 b6 20. O-O Nf8 21. Nf4 Ng6 22. Nxg6 Qxg6 23. Rfc1 Bd7 24. a5 O-O 25. axb6 axb6 26. Ra1 Rab8 27. Ra7 Rf7 28. Rf1 Qd6 29. Qb2 Rbf8 30. Kg2 Rf5 31. Nb1 R8f7 32. Nc3 Qf6 33. Rb7 Rf3 34. Qe2 b5 35. Qe1 Qd8 36. Ra7 Qb8 37. Ra2 c5 38. bxc5 b4 39. Rb2 Bb5 40. Nxb5 Qxb5 41. Rxb4 Qd3 42. Rb2 Qc4 43. Qe2 Qxe2 44. Rxe2 Kf8 45. Ra1 Ke7 46. Rb2 Kd8 47. Ra8+ Kc7 48. Ra7+ Kc8 49. Rxf7 Rxf7 50. Rb6 Kc7 51. Rh6 Rf5 52. Rg6 1-0

[Event "FIDE World Junior U20-ch Girls 2025"]
[Site "Petrovac"]
[Date "2025.03.01"]
[Round "5.20"]
[White "Kirtadze, Anastasia"]
[Black "Avetisyan, Ani"]
[Result "1-0"]
[Annotator "ChessBase"]
[ECO "B12"]
[WhiteElo "2218"]
[BlackElo "1904"]
[PlyCount "65"]
[EventDate "2025.02.23"]
[EventType "swiss"]
[EventCountry "MNE"]
[SourceTitle "playchess.com"]
[Source "ChessBase"]
[SourceQuality "1"]
[TimeControl "40/5400+30:1800+30"]

1. e4 c6 2. d4 d5 3. e5 Bf5 4. h4 h5 5. Bd3 Bxd3 6. Qxd3 Qa5+ 7. Nd2 e6 8. Ngf3 Ne7 9. O-O Nf5 10. Nb3 Qa6 11. Qd1 Nd7 12. Bg5 c5 13. dxc5 Nxc5 14. Nfd2 Rc8 15. Qf3 Be7 16. Bxe7 Kxe7 17. g3 Nd7 18. Qf4 Kf8 19. Rfc1 g6 20. c4 dxc4 21. Rxc4 Kg7 22. Rac1 Rxc4 23. Rxc4 Nb6 24. Nc5 Qb5 25. Nxe6+ fxe6 26. Rc7+ Nd7 27. Ne4 Rf8 28. Nc5 Qb6 29. Rxd7+ Rf7 30. Qg5 Rxd7 31. Qf6+ Kh7 32. Nxd7 Ng7 33. Nxb6 1-0

[Event "FIDE World Junior U20-ch Girls 2025"]
[Site "Petrovac"]
[Date "2025.03.01"]
[Round "5.21"]
[White "Peglau, Charis"]
[Black "Zeliantsova, Kseniya"]
[Result "0-1"]
[Annotator "ChessBase"]
[ECO "A41"]
[WhiteElo "2203"]
[BlackElo "1999"]
[PlyCount "66"]
[EventDate "2025.02.23"]
[EventType "swiss"]
[EventCountry "MNE"]
[SourceTitle "playchess.com"]
[Source "ChessBase"]
[SourceQuality "1"]
[TimeControl "40/5400+30:1800+30"]

1. d4 d6 2. Nf3 g6 3. c4 Bg7 4. Nc3 Nd7 5. e4 e5 6. Be3 Ne7 7. c5 O-O 8. cxd6 cxd6 9. Bc4 Nc6 10. O-O Nb6 11. Bb3 Bg4 12. d5 Nd4 13. Bxd4 exd4 14. Nb5 f5 15. h3 fxe4 16. hxg4 exf3 17. gxf3 Rf4 18. Rc1 Qh4 19. Kg2 Raf8 20. Qe2 Rxf3 21. Qxf3 Rxf3 22. Kxf3 Qh3+ 23. Ke2 Qxg4+ 24. f3 Qf4 25. Kd3 Qe3+ 26. Kc2 d3+ 27. Kb1 d2 28. Rcd1 Qd3+ 29. Ka1 Qxb5 30. Rf2 a5 31. Rdxd2 a4 32. Bd1 Nc4 33. Rc2 a3 0-1

[Event "FIDE World Junior U20-ch Girls 2025"]
[Site "Petrovac"]
[Date "2025.03.01"]
[Round "5.22"]
[White "Beber, Anja"]
[Black "Pipiras, Filipa Fortuna"]
[Result "0-1"]
[Annotator "NA"]
[ECO "A13"]
[WhiteElo "1988"]
[BlackElo "2200"]
[PlyCount "84"]
[EventDate "2025.02.23"]
[EventType "swiss"]
[EventCountry "MNE"]
[SourceTitle "playchess.com"]
[Source "ChessBase"]
[SourceQuality "1"]
[TimeControl "40/5400+30:1800+30"]

1. Nf3 d5 2. e3 Nf6 3. c4 e6 4. b3 c5 5. Bb2 Nc6 6. cxd5 exd5 7. d4 cxd4 8. exd4 Bb4+ 9. Nbd2 O-O 10. Be2 Ne4 11. O-O Nc3 12. Bxc3 Bxc3 13. Rc1 Bb4 14. Qc2 Qf6 15. Qb2 Bg4 16. Rcd1 Rfe8 17. Nb1 Qf4 18. Rd3 Bd6 19. g3 Qh6 20. a3 Re6 21. Nc3 Rae8 22. Rfd1 Qh5 23. R1d2 Rh6 24. h4 Rxe2 25. Rxe2 Bxf3 26. Re8+ Bf8 27. Ree3 Bg4 28. f3 Be6 29. Qg2 Rg6 30. Ne2 Bd6 31. Kf2 Ne7 32. f4 Nf5 33. Rf3 Nh6 34. Ke1 Bf5 35. Rc3 Be4 36. Qf1 Bxf3 37. Rxf3 Qf5 38. Kd2 Bxa3 39. Nc3 a6 40. Qa1 Bf8 41. Qa5 Qd7 42. Re3 Nf5 0-1

[Event "FIDE World Junior U20-ch Girls 2025"]
[Site "Petrovac"]
[Date "2025.03.01"]
[Round "5.24"]
[White "Braeutigam, Katerina"]
[Black "Tashkinova, Sofiia"]
[Result "0-1"]
[Annotator "ChessBase"]
[ECO "B20"]
[WhiteElo "1981"]
[BlackElo "2197"]
[PlyCount "70"]
[EventDate "2025.02.23"]
[EventType "swiss"]
[EventCountry "MNE"]
[SourceTitle "playchess.com"]
[Source "ChessBase"]
[SourceQuality "1"]
[TimeControl "40/5400+30:1800+30"]

1. e4 c5 2. b3 Nc6 3. Bb2 d6 4. Bb5 Bd7 5. Nf3 a6 6. Be2 e5 7. a4 g6 8. Nc3 Nge7 9. Bc4 h6 10. O-O Bg7 11. Ne1 O-O 12. f4 Qc8 13. d3 Nd4 14. Qd2 Be6 15. Ne2 Qd7 16. Nxd4 cxd4 17. Ba3 b5 18. Bxe6 fxe6 19. fxe5 Bxe5 20. Qxh6 Rxf1+ 21. Kxf1 Rf8+ 22. Nf3 Qc7 23. Ra2 bxa4 24. bxa4 Bf4 25. Qh3 Rf6 26. Ke2 e5 27. Qh4 Kg7 28. Ng5 Bxg5 29. Qxg5 Nc8 30. Qg3 Rf8 31. Rb2 Nb6 32. Qe1 Nxa4 33. Rb4 Qxc2+ 34. Qd2 Rf2+ 35. Kxf2 Qxd2+ 0-1

[Event "FIDE World Junior U20-ch Girls 2025"]
[Site "Petrovac"]
[Date "2025.03.01"]
[Round "5.25"]
[White "Karacsonyi, Kata"]
[Black "Shohradova, Leyla"]
[Result "0-1"]
[Annotator "ChessBase"]
[ECO "C00"]
[WhiteElo "2191"]
[BlackElo "1986"]
[PlyCount "64"]
[EventDate "2025.02.23"]
[EventType "swiss"]
[EventCountry "MNE"]
[SourceTitle "playchess.com"]
[Source "ChessBase"]
[SourceQuality "1"]
[TimeControl "40/5400+30:1800+30"]

1. e4 e6 2. d4 d5 3. Bd3 c5 4. exd5 Qxd5 5. Nc3 Qd8 6. dxc5 Bxc5 7. Nf3 Nf6 8. Qe2 Nbd7 9. Bf4 a6 10. O-O-O Qe7 11. g4 Nxg4 12. Ne4 Ngf6 13. Nxc5 Qxc5 14. Rhg1 Nd5 15. Bd2 g6 16. Kb1 b5 17. c4 bxc4 18. Bxc4 Bb7 19. Rc1 Qd6 20. Bh6 f6 21. Nd2 Kf7 22. f4 Rhe8 23. Ne4 Qe7 24. Bb3 Rac8 25. Rcd1 N7b6 26. h4 Qb4 27. Ng5+ fxg5 28. Qe5 Nf6 29. Rd4 Qc5 30. Bxg5 Be4+ 31. Rxe4 Nxe4 32. Qxc5 Rxc5 0-1

[Event "FIDE World Junior U20-ch Girls 2025"]
[Site "Petrovac"]
[Date "2025.03.01"]
[Round "5.26"]
[White "Petricenco, Ana"]
[Black "Abdinova, Narmin"]
[Result "1-0"]
[Annotator "ChessBase"]
[ECO "C78"]
[WhiteElo "1973"]
[BlackElo "2186"]
[PlyCount "89"]
[EventDate "2025.02.23"]
[EventType "swiss"]
[EventCountry "MNE"]
[SourceTitle "playchess.com"]
[Source "ChessBase"]
[SourceQuality "1"]
[TimeControl "40/5400+30:1800+30"]

1. e4 e5 2. Nf3 Nc6 3. Bb5 a6 4. Ba4 Nf6 5. O-O b5 6. Bb3 Bc5 7. a4 Rb8 8. c3 d6 9. d4 Bb6 10. a5 Ba7 11. h3 O-O 12. Be3 Ra8 13. Nbd2 Bb7 14. Re1 Re8 15. dxe5 dxe5 16. Qc2 Bxe3 17. Rxe3 Nh5 18. g3 Qd7 19. Rd3 Qe7 20. Bd5 Nf6 21. Bb3 Nd8 22. Re3 c5 23. Bd5 Qc7 24. c4 Ne6 25. Bxe6 Rxe6 26. Nb3 b4 27. Nh4 Rd8 28. f3 g6 29. Rd1 Red6 30. Ree1 Nh5 31. Kf2 Bc8 32. Rd5 Rxd5 33. exd5 Bxh3 34. Qe4 Re8 35. Qe3 e4 36. f4 Qd8 37. Ng2 Nf6 38. Qxc5 Ng4+ 39. Kg1 Qf6 40. Qd4 Qf5 41. Nh4 Qh5 42. d6 e3 43. d7 Rd8 44. c5 g5 45. c6 1-0

[Event "FIDE World Junior U20-ch Girls 2025"]
[Site "Petrovac"]
[Date "2025.03.01"]
[Round "5.27"]
[White "Yildiz, Elif Zeren"]
[Black "Imomkuzieva, Nilufarkhon"]
[Result "1/2-1/2"]
[Annotator "NA"]
[ECO "B10"]
[WhiteElo "2160"]
[BlackElo "1983"]
[PlyCount "98"]
[EventDate "2025.02.23"]
[EventType "swiss"]
[EventCountry "MNE"]
[SourceTitle "playchess.com"]
[Source "ChessBase"]
[SourceQuality "1"]
[TimeControl "40/5400+30:1800+30"]

1. e4 c6 2. Nf3 d5 3. d3 Bg4 4. Nbd2 Nd7 5. h3 Bxf3 6. Qxf3 Ngf6 7. g3 e5 8. Bg2 Bd6 9. O-O Qc7 10. Qe2 O-O 11. Rd1 d4 12. Nc4 b5 13. Nxd6 Qxd6 14. f4 Ne8 15. fxe5 Nxe5 16. Bf4 Nc7 17. g4 Ne6 18. Bg3 f6 19. Rf1 Qe7 20. Rf5 g6 21. Rf2 g5 22. Raf1 Ng6 23. Rf5 Ngf4 24. Bxf4 Nxf4 25. Qf2 Rae8 26. Re1 Qd8 27. Qd2 Re5 28. Rf1 Qd6 29. h4 h6 30. R1xf4 gxf4 31. Qxf4 Kg7 32. g5 Re6 33. gxh6+ Kh8 34. Bh3 Qb4 35. b3 Qe1+ 36. Kh2 Rg8 37. Qf2 Qxf2+ 38. Rxf2 Rd6 39. Bf5 c5 40. h5 Ra6 41. Bg6 Rf8 42. Rf5 c4 43. Rxb5 cxd3 44. cxd3 Rxa2+ 45. Kg3 Rd2 46. Rb7 Rxd3+ 47. Kf4 Rc3 48. Rh7+ Kg8 49. Rg7+ Kh8 1/2-1/2

[Event "FIDE World Junior U20-ch Girls 2025"]
[Site "Petrovac"]
[Date "2025.03.01"]
[Round "5.28"]
[White "Tarasenka, Aliaksandra"]
[Black "Ostensson, Julia"]
[Result "1-0"]
[Annotator "NA"]
[ECO "B41"]
[WhiteElo "2139"]
[BlackElo "1979"]
[PlyCount "111"]
[EventDate "2025.02.23"]
[EventType "swiss"]
[EventCountry "MNE"]
[SourceTitle "playchess.com"]
[Source "ChessBase"]
[SourceQuality "1"]
[TimeControl "40/5400+30:1800+30"]

1. e4 c5 2. Nf3 e6 3. d4 cxd4 4. Nxd4 a6 5. c4 Nf6 6. Nc3 Qc7 7. a3 b6 8. Bd3 Bb7 9. f4 Nc6 10. Nxc6 Qxc6 11. Qe2 Bc5 12. Be3 Bxe3 13. Qxe3 Qc5 14. Qxc5 bxc5 15. e5 Ng4 16. O-O g6 17. Rae1 Nh6 18. Be4 Rb8 19. Rf2 Ke7 20. Rd2 Nf5 21. Red1 Rhd8 22. Kf2 h5 23. g3 a5 24. Bxb7 Rxb7 25. Na4 Rc7 26. Rd6 Ra8 27. h3 Ke8 28. Rb6 Ne7 29. Rb5 Nc8 30. b3 Ke7 31. Rxc5 Rb7 32. Rb5 Rab8 33. Rxb7 Rxb7 34. Rd3 d6 35. Ke3 f6 36. exf6+ Kxf6 37. Nc3 Ke7 38. Ne4 Rb6 39. Kd4 Na7 40. Kc3 Rc6 41. a4 d5 42. Nd2 Nc8 43. Kb2 Nb6 44. cxd5 exd5 45. Nf3 Kf6 46. g4 hxg4 47. hxg4 Re6 48. g5+ Ke7 49. Ne5 Rd6 50. Kc3 Re6 51. Kd4 Nc8 52. Rc3 Nd6 53. Rc7+ Kd8 54. Rd7+ Ke8 55. Kxd5 Rxe5+ 56. fxe5 1-0

[Event "FIDE World Junior U20-ch Girls 2025"]
[Site "Petrovac"]
[Date "2025.03.01"]
[Round "5.29"]
[White "Djerroud, Chahrazed"]
[Black "Mrittika Mallick"]
[Result "1-0"]
[Annotator "NA"]
[ECO "B15"]
[WhiteElo "1914"]
[BlackElo "2058"]
[PlyCount "71"]
[EventDate "2025.02.23"]
[EventType "swiss"]
[EventCountry "MNE"]
[SourceTitle "playchess.com"]
[Source "ChessBase"]
[SourceQuality "1"]
[TimeControl "40/5400+30:1800+30"]

1. e4 c6 2. d4 d5 3. Nd2 dxe4 4. Nxe4 Nf6 5. Nxf6+ exf6 6. c3 Bd6 7. Bd3 O-O 8. Qc2 c5 9. Bxh7+ Kh8 10. dxc5 Bxc5 11. Be4 f5 12. Bd3 Nc6 13. Bf4 Re8+ 14. Ne2 g5 15. Bd2 Ne5 16. Bb5 Bd7 17. Bxd7 Nxd7 18. Qxf5 Re5 19. Qxf7 Qe8 20. Qf3 Qe6 21. O-O-O g4 22. Qd3 Rxe2 23. Be3 Rxe3 24. fxe3 Bxe3+ 25. Kb1 Nc5 26. Qc2 a5 27. Rhe1 a4 28. Qe2 Re8 29. h3 g3 30. Qh5+ Kg7 31. Rd4 b6 32. Rg4+ Kf8 33. Qh7 Re7 34. Qh8+ Kf7 35. Qg8+ Kf6 36. Qg6+ 1-0

[Event "FIDE World Junior U20-ch Girls 2025"]
[Site "Petrovac"]
[Date "2025.03.01"]
[Round "5.30"]
[White "Liuviann, Cecilia Natalie"]
[Black "Zhou, Shumeng"]
[Result "1-0"]
[Annotator "NA RC"]
[ECO "C42"]
[WhiteElo "1964"]
[BlackElo "2049"]
[PlyCount "221"]
[EventDate "2025.02.23"]
[EventType "swiss"]
[EventCountry "MNE"]
[SourceTitle "playchess.com"]
[Source "ChessBase"]
[SourceQuality "1"]
[TimeControl "40/5400+30:1800+30"]

1. e4 e5 2. Nf3 Nf6 3. Nxe5 d6 4. Nf3 Nxe4 5. Nc3 Nxc3 6. dxc3 Be7 7. Be3 O-O 8. Qd2 Nd7 9. O-O-O Nf6 10. h4 c5 11. c4 b5 12. Bg5 Be6 13. cxb5 a6 14. bxa6 Qb6 15. c4 Rxa6 16. a3 Rb8 17. Qc2 Ra4 18. Rd2 Qa6 19. Bd3 Bxc4 20. Re1 Bxd3 21. Qxd3 c4 22. Qc3 Bf8 23. Bxf6 gxf6 24. Nd4 Bh6 25. Ree2 Bxd2+ 26. Rxd2 Ra5 27. Nc6 Qxc6 28. Qxa5 Re8 29. Rd1 Qxg2 30. Qd2 Re6 31. Qf4 Qc6 32. h5 Kf8 33. Qh6+ Ke7 34. Qxh7 Re2 35. Rd2 Re4 36. f3 Re5 37. Qc2 Qxf3 38. h6 Qh1+ 39. Rd1 Qxh6+ 40. Kb1 Qf4 41. Qc3 Qe4+ 42. Ka2 Qc6 43. Rf1 Qb5 44. Rf4 d5 45. Rh4 Qb6 46. a4 Re3 47. Qd2 Qb3+ 48. Kb1 Rd3 49. Qe2+ Kd6 50. Rh1 Qxa4 51. Qh2+ Kc6 52. Qe2 Kd6 53. Qh2+ Kc6 54. Qe2 Qa7 55. Rf1 Qe3 56. Rxf6+ Kc5 57. Qg4 Qe1+ 58. Ka2 Qe8 59. Qg1+ Rd4 60. Ra6 Qb5 61. Ra3 Qb6 62. Qe3 Kd6 63. Qh6+ Kc5 64. Qf8+ Kb5 65. Qe8+ Kc5 66. Qc8+ Kd6 67. Ra6 Qxa6+ 68. Qxa6+ Ke5 69. Qa7 f5 70. b4 cxb3+ 71. Kxb3 Re4 72. Qc7+ Ke6 73. Qc8+ Ke5 74. Qb8+ Ke6 75. Kc3 d4+ 76. Kc4 Kf6 77. Qg8 Ke5 78. Qg5 Ke6 79. Kc5 Rg4 80. Qh6+ Ke5 81. Qd6+ Ke4 82. Qxd4+ Kf3 83. Qd3+ Kf4 84. Kd5 Kg5 85. Qd2+ Kg6 86. Qh2 Re4 87. Qh8 Kg5 88. Qg7+ Kf4 89. Qh6+ Kg4 90. Qg6+ Kf4 91. Qh5 Re5+ 92. Kd6 Re4 93. Qg6 Re3 94. Qh6+ Kf3 95. Qh5+ Kf4 96. Qh2+ Kf3 97. Qh3+ Kf4 98. Qf1+ Kg3 99. Qxf5 Re2 100. Kd5 Re1 101. Kd4 Re2 102. Kd3 Rf2 103. Qg6+ Kf3 104. Qg5 Rf1 105. Qf5+ Kg2 106. Qg4+ Kf2 107. Qe2+ Kg1 108. Ke3 Rc1 109. Qg4+ Kh1 110. Kd2 Rc5 111. Qh3+ 1-0

[Event "FIDE World Junior U20-ch Girls 2025"]
[Site "Petrovac"]
[Date "2025.03.01"]
[Round "5.31"]
[White "Blokhin, Sofia"]
[Black "Nguyen Thien Ngan"]
[Result "1-0"]
[Annotator "NA"]
[ECO "C25"]
[WhiteElo "2020"]
[BlackElo "1923"]
[PlyCount "93"]
[EventDate "2025.02.23"]
[EventType "swiss"]
[EventCountry "MNE"]
[SourceTitle "playchess.com"]
[Source "ChessBase"]
[SourceQuality "1"]
[TimeControl "40/5400+30:1800+30"]

1. e4 e5 2. Nc3 Bc5 3. Bc4 d6 4. d3 Nc6 5. Na4 Bb6 6. Nxb6 axb6 7. a3 Nf6 8. Bg5 h6 9. Bh4 Be6 10. Bxe6 fxe6 11. f3 g5 12. Bf2 Qd7 13. Ne2 Rg8 14. Qd2 b5 15. d4 exd4 16. Nxd4 Nxd4 17. Bxd4 e5 18. Bf2 h5 19. O-O-O Ra4 20. Kb1 Qc6 21. Rhe1 b4 22. axb4 Qc4 23. b3 Rxb4 24. Kb2 Kf7 25. Ra1 Qb5 26. Ra3 Nd7 27. c3 Rc4 28. Qe2 Rc5 29. Bxc5 Qxc5 30. Rea1 Nb6 31. Ra5 Qc6 32. c4 Nd7 33. Qd2 g4 34. Rf1 g3 35. hxg3 Rxg3 36. Qf2 h4 37. f4 Kg7 38. fxe5 dxe5 39. Qf7+ Kh6 40. Ra8 Rxg2+ 41. Ka1 Nb8 42. Rf6+ Qxf6 43. Qxf6+ Rg6 44. Qxh4+ Kg7 45. Rxb8 b6 46. Qe7+ Kh6 47. Rh8# 1-0

[Event "FIDE World Junior U20-ch Girls 2025"]
[Site "Petrovac"]
[Date "2025.03.01"]
[Round "5.32"]
[White "Sneha Halder"]
[Black "Morales Perez, Ghisell"]
[Result "1-0"]
[Annotator "NA"]
[ECO "A46"]
[WhiteElo "2065"]
[BlackElo "1902"]
[PlyCount "79"]
[EventDate "2025.02.23"]
[EventType "swiss"]
[EventCountry "MNE"]
[SourceTitle "playchess.com"]
[Source "ChessBase"]
[SourceQuality "1"]
[TimeControl "40/5400+30:1800+30"]

1. d4 Nf6 2. Nf3 c5 3. e3 e6 4. Bd3 Nc6 5. b3 b6 6. Bb2 Bb7 7. O-O d5 8. Nbd2 cxd4 9. exd4 Bd6 10. Ne5 O-O 11. a3 Ne7 12. Qe2 Nd7 13. f4 Bxe5 14. fxe5 Ng6 15. Rf3 Qe7 16. Raf1 Rae8 17. Rh3 h6 18. Bc1 f5 19. Nf3 Rf7 20. Ne1 Ndf8 21. Qh5 Rc8 22. Nf3 Qe8 23. g4 Ne7 24. Ng5 Bc6 25. Nxf7 Qxf7 26. Qh4 Nfg6 27. Qg3 Bd7 28. g5 h5 29. Rxh5 Nxe5 30. Qh3 N5g6 31. Qf3 Be8 32. Rh3 Bd7 33. Qh5 Kf8 34. a4 Ke8 35. Ba3 Kd8 36. c4 Nc6 37. cxd5 exd5 38. Ba6 Ra8 39. Rc3 Nxd4 40. Qd1 1-0

[Event "FIDE World Junior U20-ch Girls 2025"]
[Site "Petrovac"]
[Date "2025.03.01"]
[Round "5.33"]
[White "Nguyen, Binh Vy"]
[Black "Cornileau, Juliette"]
[Result "1-0"]
[Annotator "NA"]
[ECO "C55"]
[WhiteElo "1926"]
[BlackElo "2144"]
[PlyCount "95"]
[EventDate "2025.02.23"]
[EventType "swiss"]
[EventCountry "MNE"]
[SourceTitle "playchess.com"]
[Source "ChessBase"]
[SourceQuality "1"]
[TimeControl "40/5400+30:1800+30"]

1. e4 e5 2. Nf3 Nc6 3. Bc4 Nf6 4. d3 h6 5. c3 d6 6. Bb3 a5 7. Nbd2 g5 8. Nf1 Bg7 9. a4 d5 10. Qe2 Be6 11. Bc2 g4 12. N3d2 d4 13. Bb3 Bxb3 14. Nxb3 Qe7 15. Ng3 Bf8 16. Nf5 Qd7 17. Bd2 dxc3 18. bxc3 Ne7 19. Ne3 Ng6 20. Nc4 Bg7 21. O-O O-O 22. f4 exf4 23. Bxf4 Nh5 24. Bd2 Rae8 25. d4 b6 26. Qd3 Qe7 27. Rf5 Nf6 28. e5 Nd5 29. Raf1 Qd7 30. Nb2 Nde7 31. Rh5 Kh7 32. Be3 Nd5 33. Bd2 Nde7 34. Nc1 Rd8 35. Qe4 c5 36. Ne2 cxd4 37. cxd4 Nd5 38. Ng3 Nde7 39. Be3 Qe6 40. Nd3 Qd7 41. Nf2 Nd5 42. Bxh6 Bxh6 43. Nxg4 Rh8 44. Rxh6+ Kg8 45. Rxg6+ fxg6 46. Qxg6+ Qg7 47. Qe6+ Kh7 48. Rf7 1-0